TOP OF THE 1ST |
Illinois Fighting Illini batting - Pitching for Iowa Hawkeyes : RHP António Rodríguez
|
Pitching: RHP António Rodríguez
|
|
Batting: LHB Dave Cannon
|
0-0: Ball 1-0: Called Strike 1-1: Foul Ball, location: 2F 1-2: Foul Ball, location: 2F 1-2: SINGLE (Line Drive, 78S)
|
Batting: LHB José Rodríguez
|
0-0: Swinging Strike 0-1: Foul Ball, location: 2F 0-2: Strikes out swinging
|
Batting: RHB Harold Allen
|
0-0: Called Strike 0-1: Called Strike Dave Cannon steals 2nd base 0-2: Foul Ball, location: 2F 0-2: Foul Ball, location: 2F 0-2: Foul Ball, location: 2F 0-2: Ball 1-2: Foul Ball, location: 2F 1-2: Ball 2-2: Ball 3-2: Fly out, F6 (Line Drive, 6)
|
Batting: RHB Jim Bell
|
0-0: Ball 1-0: Foul Ball, location: 2F 1-1: Ground out 1-3 (Groundball, 13)
|
Top of the 1st over - 0 runs, 1 hit, 0 errors, 1 left on base; Illinois 0 - Iowa 0 |
BOTTOM OF THE 1ST |
Iowa Hawkeyes batting - Pitching for Illinois Fighting Illini : LHP Chris Moore
|
Pitching: LHP Chris Moore
|
|
Batting: LHB José Gonzáles
|
0-0: Swinging Strike 0-1: Ground out 6-3 (Groundball, 6MD)
|
Batting: LHB Fletcher White
|
0-0: SINGLE (Line Drive, 6MD)
|
Batting: RHB Jim Sharry
|
0-0: Ball 1-0: Ball 2-0: Called Strike 2-1: Foul Ball, location: 2F 2-2: Fly out, F8 (Flyball, 89D)
|
Batting: RHB Jim Jones
|
0-0: Called Strike 0-1: Ball 1-1: SINGLE (Line Drive, 8RS) Fletcher White to second
|
Batting: LHB Allen Lee
|
0-0: Foul Ball, location: 2F 0-1: Foul Ball, location: 2F 0-2: SINGLE (Groundball, 4MD) Fletcher White to third Jim Jones to second Runner from 3rd tries for Home, throw and OUT!
|
Bottom of the 1st over - 0 runs, 3 hits, 0 errors, 2 left on base; Illinois 0 - Iowa 0 |
TOP OF THE 2ND |
Illinois Fighting Illini batting - Pitching for Iowa Hawkeyes : RHP António Rodríguez
|
Batting: RHB Weldon Lott
|
0-0: Ball 1-0: Ball 2-0: SINGLE (Flyball, 9S)
|
Batting: RHB Nacho Enríquez
|
0-0: Called Strike 0-1: Called Strike 0-2: Ball 1-2: Ball 2-2: Ball 3-2: Strikes out swinging
|
Batting: RHB Mike Taylor
|
0-0: Called Strike 0-1: Called Strike 0-2: Strikes out looking
|
Batting: LHB Peter Taylor
|
0-0: Foul Ball, location: 2F 0-1: Foul Ball, location: 2F 0-2: Foul Ball, location: 2F 0-2: Foul Ball, location: 2F 0-2: Foul Ball, location: 2F 0-2: Strikes out looking
|
Top of the 2nd over - 0 runs, 1 hit, 0 errors, 1 left on base; Illinois 0 - Iowa 0 |
BOTTOM OF THE 2ND |
Iowa Hawkeyes batting - Pitching for Illinois Fighting Illini : LHP Chris Moore
|
Batting: LHB Jesús Torres
|
0-0: Ball 1-0: Called Strike 1-1: Fly out, F1 (Line Drive, 13)
|
Batting: RHB John Phillips
|
0-0: Ball 1-0: Ground out 1-3 (Groundball, 15S)
|
Batting: RHB Jack Black
|
0-0: Ball 1-0: Ball 2-0: Foul Ball, location: 2F 2-1: Ball 3-1: Fly out, F4 (Line Drive, 4M)
|
Bottom of the 2nd over - 0 runs, 0 hits, 0 errors, 0 left on base; Illinois 0 - Iowa 0 |
TOP OF THE 3RD |
Illinois Fighting Illini batting - Pitching for Iowa Hawkeyes : RHP António Rodríguez
|
Batting: RHB Forrest Donovan
|
0-0: Called Strike 0-1: Ball 1-1: Ball 2-1: Called Strike 2-2: Ball 3-2: Base on Balls
|
Batting: LHB Dave Cannon
|
0-0: Called Strike 0-1: SINGLE (Groundball, 3D) Forrest Donovan to second Runner from 2nd tries for 3rd, SAFE, throw made to third Dave Cannon to second
|
Batting: LHB José Rodríguez
|
0-0: Called Strike 0-1: Ball 1-1: Ground out 5-3 (Groundball, 5)
|
Batting: RHB Harold Allen
|
0-0: SINGLE (Groundball, 56D) Forrest Donovan scores Dave Cannon to third Runner from 3rd tries for Home, SAFE, no throw
|
Batting: RHB Jim Bell
|
0-0: Swinging Strike 0-1: Foul Ball, location: 2F 0-2: Strikes out looking
|
Batting: RHB Weldon Lott
|
0-0: Fly out, F6 (Line Drive, 6)
|
Top of the 3rd over - 2 runs, 2 hits, 0 errors, 1 left on base; Illinois 2 - Iowa 0 |
BOTTOM OF THE 3RD |
Iowa Hawkeyes batting - Pitching for Illinois Fighting Illini : LHP Chris Moore
|
Batting: RHB Dan Perkins
|
0-0: Bunt for hit - play at first, batter OUT! 1-3
|
Batting: LHB José Gonzáles
|
0-0: Called Strike 0-1: Ball 1-1: Swinging Strike 1-2: Ball 2-2: Ball 3-2: Base on Balls
|
Batting: LHB Fletcher White
|
0-0: Ball 1-0: Called Strike 1-1: Swinging Strike 1-2: Strikes out swinging
|
Batting: RHB Jim Sharry
|
0-0: Ball 1-0: Foul Ball, location: 2F 1-1: Ball 2-1: Foul Ball, location: 2F 2-2: Strikes out swinging
|
Bottom of the 3rd over - 0 runs, 0 hits, 0 errors, 1 left on base; Illinois 2 - Iowa 0 |
TOP OF THE 4TH |
Illinois Fighting Illini batting - Pitching for Iowa Hawkeyes : RHP António Rodríguez
|
Batting: RHB Nacho Enríquez
|
0-0: Called Strike 0-1: Ball 1-1: Called Strike 1-2: Foul Ball, location: 2F 1-2: Foul Ball, location: 2F 1-2: Ball 2-2: Foul Ball, location: 2F 2-2: Strikes out swinging
|
Batting: RHB Mike Taylor
|
0-0: Foul Ball, location: 2F 0-1: Called Strike 0-2: Ball 1-2: Ball 2-2: Foul Ball, location: 2F 2-2: Strikes out swinging, 2-3 out at first.
|
Batting: LHB Peter Taylor
|
0-0: Called Strike 0-1: Fly out, F8 (Flyball, 89D)
|
Top of the 4th over - 0 runs, 0 hits, 0 errors, 0 left on base; Illinois 2 - Iowa 0 |
BOTTOM OF THE 4TH |
Iowa Hawkeyes batting - Pitching for Illinois Fighting Illini : LHP Chris Moore
|
Batting: RHB Jim Jones
|
0-0: Ball 1-0: Ground out U3 (Groundball, 2R)
|
Batting: LHB Allen Lee
|
0-0: Called Strike 0-1: Ball 1-1: Ball 2-1: Ball 3-1: SINGLE (Flyball, 78M)
|
Batting: LHB Jesús Torres
|
0-0: Ball 1-0: Ball 2-0: Called Strike 2-1: Ball 3-1: 2-RUN HOME RUN (Flyball, 9D), Distance : 352 ft
|
Batting: RHB John Phillips
|
0-0: Ball 1-0: Foul Ball, location: 2F 1-1: Ball 2-1: Swinging Strike 2-2: Ball 3-2: Base on Balls
|
Batting: RHB Jack Black
|
0-0: Called Strike 0-1: Called Strike 0-2: SINGLE (Groundball, 6MD) John Phillips to second
|
Batting: RHB Dan Perkins
|
0-0: Ball 1-0: Foul Ball, location: 2F 1-1: Ball 2-1: Ball 3-1: Foul Ball, location: 2F 3-2: Ground out 6-3 (Groundball, 6MS) John Phillips to third Jack Black to second
|
Batting: LHB José Gonzáles
|
0-0: Ball 1-0: Ground out U3 (Groundball, 34)
|
Bottom of the 4th over - 2 runs, 3 hits, 0 errors, 2 left on base; Illinois 2 - Iowa 2 |
TOP OF THE 5TH |
Illinois Fighting Illini batting - Pitching for Iowa Hawkeyes : RHP António Rodríguez
|
Batting: RHB Forrest Donovan
|
0-0: Called Strike 0-1: Swinging Strike 0-2: Strikes out swinging
|
Batting: LHB Dave Cannon
|
0-0: Called Strike 0-1: Foul Ball, location: 2F 0-2: Ball 1-2: Hit by Pitch
|
Batting: LHB José Rodríguez
|
0-0: Ball 1-0: Called Strike Dave Cannon steals 2nd base 1-1: Ball Dave Cannon steals 3rd base 2-1: Foul Ball, location: 2F 2-2: Ground out U3 (Groundball, 34S)
|
Batting: RHB Harold Allen
|
0-0: Intentional Walk
|
Pitching: RHP Rob Beck
|
|
Batting: RHB Jim Bell
|
0-0: Ball 1-0: Ball 2-0: Ball 3-0: Called Strike 3-1: Ground out 1-3 (Groundball, 13S)
|
Top of the 5th over - 0 runs, 0 hits, 0 errors, 2 left on base; Illinois 2 - Iowa 2 |
BOTTOM OF THE 5TH |
Iowa Hawkeyes batting - Pitching for Illinois Fighting Illini : LHP Chris Moore
|
Batting: LHB Fletcher White
|
0-0: Ball 1-0: SINGLE (Groundball, 5D)
|
Batting: RHB Jim Sharry
|
0-0: Ball Fletcher White steals 2nd base 1-0: Called Strike 1-1: Foul Ball, location: 2F 1-2: Ball 2-2: Ball 3-2: SINGLE (Line Drive, 8LS) Fletcher White to third Runner from 3rd tries for Home, SAFE, no throw
|
Batting: RHB Jim Jones
|
0-0: Foul Ball, location: 2F 0-1: Called Strike 0-2: Foul Ball, location: 2F 0-2: Foul Ball, location: 2F 0-2: Ball 1-2: Foul Ball, location: 2F 1-2: Ball 2-2: Ball 3-2: Foul Ball, location: 2F 3-2: Fly out, F8 (Flyball, 8LD)
|
Pitching: RHP Júlio Vázquez
|
|
Batting: LHB Allen Lee
|
0-0: SINGLE (Line Drive, 9LS) Jim Sharry to second Runner from 2nd tries for 3rd, SAFE, no throw
|
Batting: LHB Jesús Torres
|
0-0: Swinging Strike 0-1: Foul Ball, location: 2F 0-2: Ball 1-2: Strikes out swinging
|
Batting: RHB John Phillips
|
0-0: Fly out, F8 (Flyball, 8RM)
|
Bottom of the 5th over - 1 run, 3 hits, 0 errors, 2 left on base; Illinois 2 - Iowa 3 |
TOP OF THE 6TH |
Illinois Fighting Illini batting - Pitching for Iowa Hawkeyes : RHP Rob Beck
|
Batting: RHB Weldon Lott
|
0-0: Called Strike 0-1: Ground out 1-3 (Groundball, P)
|
Batting: RHB Nacho Enríquez
|
0-0: Ball 1-0: Fly out, F9 (Flyball, 89M)
|
Batting: RHB Mike Taylor
|
0-0: Ball 1-0: SOLO HOME RUN (Flyball, 78XD), Distance : 387 ft
|
Batting: LHB Peter Taylor
|
0-0: Called Strike 0-1: Ball 1-1: Foul Ball, location: 2F 1-2: Fly out, F9 (Line Drive, 89S)
|
Top of the 6th over - 1 run, 1 hit, 0 errors, 0 left on base; Illinois 3 - Iowa 3 |
BOTTOM OF THE 6TH |
Iowa Hawkeyes batting - Pitching for Illinois Fighting Illini : RHP Júlio Vázquez
|
Batting: RHB Jack Black
|
0-0: Ball 1-0: Bunted foul 1-1: Fly out, F8 (Flyball, 8RD)
|
Batting: RHB Dan Perkins
|
0-0: Fly out, F3 (Popup, 34S)
|
Batting: LHB José Gonzáles
|
0-0: Called Strike 0-1: Ground out 6-3 (Groundball, 56D)
|
Bottom of the 6th over - 0 runs, 0 hits, 0 errors, 0 left on base; Illinois 3 - Iowa 3 |
TOP OF THE 7TH |
Illinois Fighting Illini batting - Pitching for Iowa Hawkeyes : RHP Rob Beck
|
Batting: RHB Forrest Donovan
|
0-0: DOUBLE (Flyball, 8RD)
|
Batting: LHB Dave Cannon
|
0-0: Ball 1-0: Called Strike 1-1: Foul Ball, location: 2F 1-2: Foul Ball, location: 2F 1-2: Strikes out looking
|
Batting: LHB José Rodríguez
|
0-0: Ball 1-0: Ball 2-0: Ball 3-0: Called Strike 3-1: Fly out, F6 (Line Drive, 56) Lined into DP, 6-4 (Line Drive, 56)
|
Top of the 7th over - 0 runs, 1 hit, 0 errors, 0 left on base; Illinois 3 - Iowa 3 |
BOTTOM OF THE 7TH |
Iowa Hawkeyes batting - Pitching for Illinois Fighting Illini : RHP Júlio Vázquez
|
Batting: LHB Fletcher White
|
0-0: Ball 1-0: Called Strike 1-1: Swinging Strike 1-2: Ball 2-2: Strikes out swinging
|
Batting: RHB Jim Sharry
|
0-0: Ball 1-0: Ball 2-0: Called Strike 2-1: Ball 3-1: SINGLE (Line Drive, 5L)
|
Batting: RHB Jim Jones
|
0-0: Called Strike Jim Sharry steals 2nd base 0-1: DOUBLE (Line Drive, 7LM) Jim Sharry scores
|
Batting: LHB Allen Lee
|
0-0: Called Strike 0-1: Ball 1-1: Fly out, F9 (Flyball, 89D) Runner from 2nd tags up, SAFE at 3rd, no throw
|
Batting: LHB Jesús Torres
|
0-0: Ball 1-0: Swinging Strike 1-1: Fly out, F8 (Flyball, 8LD)
|
Bottom of the 7th over - 1 run, 2 hits, 0 errors, 1 left on base; Illinois 3 - Iowa 4 |
TOP OF THE 8TH |
Illinois Fighting Illini batting - Pitching for Iowa Hawkeyes : RHP Rob Beck
|
Batting: RHB Harold Allen
|
0-0: Called Strike 0-1: SINGLE (Groundball, 56D)
|
Pitching: RHP P.J. Pittman
|
|
Batting: RHB Jim Bell
|
0-0: Ball 1-0: SINGLE (Flyball, 9S) Harold Allen to second Runner from 2nd tries for 3rd, SAFE, no throw
|
Batting: RHB Weldon Lott
|
0-0: Ball 1-0: Foul Ball, location: 2F 1-1: Called Strike 1-2: Ball 2-2: Foul Ball, location: 2F 2-2: Foul Ball, location: 2F 2-2: Ball 3-2: Fly out, F9 (Flyball, 9S)
|
Batting: RHB Nacho Enríquez
|
0-0: Called Strike 0-1: Ball 1-1: Ball 2-1: Swinging Strike 2-2: Ball 3-2: Foul Ball, location: 2F 3-2: Base on Balls Jim Bell to second
|
Batting: RHB Mike Taylor
|
0-0: Ball 1-0: SINGLE (Line Drive, 7S) Harold Allen scores Jim Bell to third Nacho Enríquez to second Runner from 3rd tries for Home, SAFE, no throw
|
Pinch Hitting: SHB Stanley Ryan
|
0-0: Foul Ball, location: 2F 0-1: Called Strike 0-2: Ball 1-2: Foul Ball, location: 2F 1-2: Foul Ball, location: 2F 1-2: 3-RUN HOME RUN (Flyball, 9D), Distance : 350 ft
|
Pitching: LHP Dustin Scott
|
|
Batting: RHB Forrest Donovan
|
0-0: Ball 1-0: Called Strike 1-1: Ball 2-1: Ball 3-1: Called Strike 3-2: Foul Ball, location: 2F 3-2: Base on Balls
|
Batting: LHB Dave Cannon
|
0-0: SINGLE (Flyball, 78S) Forrest Donovan to second
|
Batting: LHB José Rodríguez
|
0-0: Called Strike 0-1: Ball 1-1: Ball 2-1: SINGLE (Flyball, 7LS) Forrest Donovan to third Dave Cannon to second Runner from 3rd tries for Home, SAFE, throw made home
|
Batting: RHB Harold Allen
|
0-0: Ball 1-0: Fly out, F8 (Flyball, 8RD)
|
Batting: RHB Jim Bell
|
0-0: Ball 1-0: Called Strike 1-1: Foul Ball, location: 2F 1-2: Fielders Choice at 2nd, 6-4 (Groundball, 6)
|
Top of the 8th over - 6 runs, 6 hits, 0 errors, 2 left on base; Illinois 9 - Iowa 4 |
BOTTOM OF THE 8TH |
Iowa Hawkeyes batting - Pitching for Illinois Fighting Illini : RHP Júlio Vázquez
|
Now in RF: Steve Roberts
|
|
Batting: RHB John Phillips
|
0-0: Ball 1-0: DOUBLE (Flyball, 89XD)
|
Batting: RHB Jack Black
|
0-0: Foul Ball, location: 2F 0-1: Ball 1-1: Fly out, F8 (Flyball, 78D)
|
Batting: RHB Dan Perkins
|
0-0: Ball 1-0: Called Strike 1-1: Foul Ball, location: 2F 1-2: Ball 2-2: Ball 3-2: Base on Balls
|
Batting: LHB José Gonzáles
|
0-0: Foul Ball, location: 2F 0-1: Ball 1-1: Ball 2-1: Foul Ball, location: 2F 2-2: Strikes out swinging
|
Batting: LHB Fletcher White
|
0-0: Ball 1-0: Ball 2-0: Ball 3-0: Called Strike 3-1: Foul Ball, location: 2F 3-2: Foul Ball, location: 2F 3-2: Base on Balls John Phillips to third Dan Perkins to second
|
Batting: RHB Jim Sharry
|
0-0: Called Strike 0-1: SINGLE (Groundball, 56S) (infield hit) John Phillips scores Dan Perkins to third Fletcher White to second
|
Pitching: RHP James Rivers
|
|
Batting: RHB Jim Jones
|
0-0: Ball 1-0: Called Strike 1-1: Ball 2-1: Called Strike 2-2: Ball 3-2: Foul Ball, location: 2F 3-2: Base on Balls Dan Perkins scores Fletcher White to third Jim Sharry to second
|
Batting: LHB Allen Lee
|
0-0: Foul Ball, location: 2F 0-1: Ball 1-1: Swinging Strike 1-2: Reached on error, E7 (Flyball, 78S) Fletcher White scores Jim Sharry scores Jim Jones to third
|
Batting: LHB Jesús Torres
|
0-0: Foul Ball, location: 2F 0-1: Ball 1-1: Ball 2-1: Foul Ball, location: 2F 2-2: Strikes out swinging
|
Bottom of the 8th over - 4 runs, 2 hits, 1 error, 2 left on base; Illinois 9 - Iowa 8 |
TOP OF THE 9TH |
Illinois Fighting Illini batting - Pitching for Iowa Hawkeyes : LHP Dustin Scott
|
Pitching: RHP Paul Smith
|
|
Batting: RHB Weldon Lott
|
0-0: Called Strike 0-1: Foul Ball, location: 2F 0-2: Strikes out swinging
|
Batting: RHB Nacho Enríquez
|
0-0: Ball 1-0: Foul Ball, location: 2F 1-1: Foul Ball, location: 2F 1-2: Ball 2-2: Ball 3-2: Base on Balls
|
Batting: RHB Mike Taylor
|
Pickoff Throw to First - Out! 0-0: Called Strike 0-1: Ground out 1-3 (Groundball, 15S)
|
Top of the 9th over - 0 runs, 0 hits, 0 errors, 0 left on base; Illinois 9 - Iowa 8 |
BOTTOM OF THE 9TH |
Iowa Hawkeyes batting - Pitching for Illinois Fighting Illini : RHP James Rivers
|
Pitching: LHP Shawn Peters
|
|
Batting: RHB John Phillips
|
0-0: Called Strike 0-1: Fly out, F9 (Flyball, 9)
|
Batting: RHB Jack Black
|
0-0: SINGLE (Groundball, 5L) (infield hit)
|
Batting: RHB Dan Perkins
|
0-0: Swinging Strike 0-1: Called Strike 0-2: SINGLE (Line Drive, 8LS) Jack Black to second
|
Batting: LHB José Gonzáles
|
0-0: Ball 1-0: Ball 2-0: Ball 3-0: Called Strike 3-1: Grounds into double play, 4-6-3 (Groundball, 4)
|
Bottom of the 9th over - 0 runs, 2 hits, 0 errors, 1 left on base; Illinois 9 - Iowa 8 |
|